 Dungeon Crawl Stone Soup version 0.20.1-1-g8b1a95d (webtiles) character file.

318 Starchild the Summoner (level 6, 0/41 HPs)
             Began as a Barachi Summoner on Aug 1, 2017.
             Slain by a slave (9 damage)
             ... led by Pikel
             ... on level 4 of the Dungeon.
             The game lasted 00:24:56 (6015 turns).

Starchild the Summoner (Barachi Summoner)           Turns: 6015, Time: 00:24:57

Health: 0/41       AC:  6    Str: 10    XL:     6   Next: 45%
Magic:  1/9        EV: 12    Int: 17    God:
Gold:   169        SH:  0    Dex: 12    Spells: 4/10 levels left

rFire    + . .     SeeInvis .   w - +0 flail (crush)
rCold    . . .     Gourm    .   (no shield)
rNeg     . . .     Faith    .   a - +0 robe
rPois    +         Spirit   .   (no helmet)
rElec    .         Reflect  .   (no cloak)
rCorr    .         Harm     .   A - +2 pair of gloves
MR       .....                  y - +0 pair of boots {run}
Stlth    ++........             B - amulet of magic regeneration
Regen    0.2/turn               q - ring of protection from fire
MPRegen  0.2/turn               J - ring of poison resistance

@: no status effects
A: +LOS, swims, slowness 1, strong legs 1
a: Hop


You were on level 4 of the Dungeon.
You were not hungry.

You visited 2 branches of the dungeon, and saw 5 of its levels.

You collected 169 gold pieces.

Inventory:

Hand Weapons
 j - a +0 dagger
 w - a +0 flail of crushing (weapon)
 F - the +5 mace "Killer Klown's Curse" {antimagic, Str-2 Int+4 Dex+10}
   (You found it on level 4 of the Dungeon)

   It reduces the magical energy of the wielder, and disrupts the spells and
   magical abilities of those hit.
   Natural abilities and divine invocations are not affected.
   It affects your strength (-2).
   It affects your intelligence (+4).
   It affects your dexterity (+10).
Missiles
 n - 164 stones (quivered)
Armour
 a - a +0 robe (worn)
 u - a +0 shield
 y - a +0 pair of boots of running (worn)
 A - a +2 pair of gloves (worn)
 E - +0 gold dragon scales
Jewellery
 q - a ring of protection from fire (left hand)
 z - an uncursed ring of fire
 B - an amulet of magic regeneration (around neck)
 J - a ring of poison resistance (right hand)
Wands
 C - a wand of confusion (24/48)
 G - a wand of disintegration (9/24)
Scrolls
 d - a scroll of fog
 e - a scroll of amnesia {unknown}
 f - a scroll of magic mapping {unknown}
 g - a scroll of random uselessness {unknown}
 k - a scroll of identify
 o - a scroll of blinking {unknown}
 t - a scroll of enchant armour {unknown}
 x - a scroll of fear {unknown}
 H - 2 scrolls of teleportation {unknown}
Potions
 h - a potion of ambrosia {unknown}
 i - 4 potions of agility
 l - a potion of invisibility {unknown}
 m - 2 potions of brilliance
 p - 6 potions of curing
 r - a potion of heal wounds {unknown}
 v - a potion of cancellation {unknown}
 I - a potion of resistance {unknown}
Books
 b - a book of Callings

   Spells                             Type                      Level
   a - Summon Small Mammal            Summoning                    1
   b - Call Imp                       Summoning                    2
   c - Call Canine Familiar           Summoning                    3
   d - Summon Guardian Golem          Hexes/Summoning              3
   e - Summon Lightning Spire         Summoning/Air                4
   f - Summon Ice Beast               Ice/Summoning                4
Comestibles
 c - 5 bread rations
 s - a meat ration
 D - 2 royal jellies
 K - a chunk of flesh


   Skills:
 - Level 2.1 Dodging
 - Level 1.7 Stealth
 - Level 2.5 Spellcasting
 + Level 8.9 Summonings


You had 4 spell levels left.
You knew the following spells:

 Your Spells              Type           Power        Failure   Level  Hunger
a - Summon Small Mammal   Summ           ####         1%          1    #......
b - Call Imp              Summ           ####....     1%          2    ##.....
c - Call Canine Familiar  Summ           ####....     1%          3    ###....


Dungeon Overview and Level Annotations

Branches:
Dungeon (4/15)             Temple (1/1) D:4

Altars:
Ashenzari
Cheibriados
Elyvilon
Fedhas
Makhleb
Nemelex Xobeh
Qazlal
Ru
Uskayaw
Vehumet
Xom
Yredelemnul
Zin

Annotations:
D:4 Pikel


Innate Abilities, Weirdness & Mutations

Shadows flee at your approach. (+LOS)
You can swim through water.
You cover ground slowly.
You can hop short distances.


Message History

Your crimson imp blinks!
Pikel hits your hound but does no damage.
The slave hits you.
You sock the slave!
The slave is almost dead.
Your hound barely misses Pikel.
The slave hits you but does no damage.
Your hound bites Pikel.
Pikel misses your hound. The slave hits you.
Your hound closely misses Pikel.
The slave hits you.
Pikel hits your hound with a whip of freezing!
Pikel freezes your hound.
Your hound dies!
Your hound's corpse disappears in a puff of smoke!
Your crimson imp disappears in a puff of smoke!
You miss the slave.
The slave is almost dead.
The slave closely misses you. The slave hits you. x2
* * * LOW HITPOINT WARNING * * *
You see here 24 bolts.
The slave hits you!
You die...

........)..#
##..#
...........#
#..#
...........#
##.#
...........# #.#
(..........# .>#
........p..# ###
........K..# #
........p..# #
........@..# .
...........#####
..
#####....##<...#
... #.##.#####.#
.... #. #.#
..... . #.#
....). .. #.#
#...... .. #.#
.. ..#


You could see Pikel and 2 slaves.

Vanquished Creatures
  A slave (D:4)
  An iguana (D:4)
  Ijyb (D:4)
  Natasha (D:2)
  3 adders
  An ooze (D:3)
  A worm (D:4)
  A leopard gecko (D:2)
  3 orcs (D:4)
  5 bats
  A giant cockroach (D:3)
  3 goblins
  3 hobgoblins
  3 jackals (D:2)
  A quokka (D:4)
  A frilled lizard (D:3)
  5 kobolds
  2 rats
37 creatures vanquished.

Vanquished Creatures (collateral kills)
  A slave (D:4)
  The ghost of Agrougrou the Shield-Bearer, an amateur FoFi (D:3)
  A jelly (D:3)
  Jessica (D:2)
  Natasha (D:2)
  A worker ant (D:3)
  4 gnolls (D:2)
  An adder (D:4)
  6 oozes (D:3)
  2 worms (D:2)
  2 dart slugs (D:1)
  4 orcs (D:4)
  4 giant cockroaches
  6 goblins
  3 hobgoblins
  12 kobolds
  A quokka (D:2)
  A ball python (D:3)
  6 bats
  3 frilled lizards
  2 rats
63 creatures vanquished.

Vanquished Creatures (others)
  2 fungi (D:3)
  8 toadstools (D:3)
10 creatures vanquished.

Grand Total: 110 creatures vanquished

Notes
Turn   | Place    | Note
-------+----------+-------------------------------------------
     0 | D:1      | Starchild the Barachi Summoner began the quest for the Orb.
     0 | D:1      | Reached XP level 1. HP: 13/13 MP: 3/3
    54 | D:1      | Reached skill level 5 in Summonings
   201 | D:1      | Reached XP level 2. HP: 19/19 MP: 5/5
   205 | D:1      | Learned a level 2 spell: Call Imp
   588 | D:2      | Noticed Jessica
   594 | D:2      | Killed Jessica
   594 | D:2      | Reached skill level 6 in Summonings
   594 | D:2      | Reached XP level 3. HP: 24/24 MP: 1/6
   966 | D:2      | Learned a level 3 spell: Call Canine Familiar
  1339 | D:2      | Noticed Natasha
  1371 | D:2      | Killed Natasha
  1371 | D:2      | Reached XP level 4. HP: 4/30 MP: 1/7
  1393 | D:1      | HP: 1/30 [bat (1)]
  2019 | D:2      | Reached skill level 7 in Summonings
  2542 | D:2      | Noticed Natasha
  2553 | D:2      | Killed Natasha
  2553 | D:2      | Reached XP level 5. HP: 17/35 MP: 1/8
  2896 | D:3      | Noticed Agrougrou's ghost (amateur FoFi)
  2944 | D:3      | Killed Agrougrou's ghost
  2944 | D:3      | Reached skill level 8 in Summonings
  3383 | D:3      | Identified a +0 pair of boots of running (You found it on level 3 of the Dungeon)
  3547 | D:3      | Found a burning altar of Makhleb.
  3850 | D:3      | Reached XP level 6. HP: 18/41 MP: 5/9
  4232 | D:4      | Noticed a slave
  4232 | D:4      | Noticed a slave
  4234 | D:4      | Noticed a slave
  4253 | D:4      | Noticed Ijyb
  4291 | D:4      | Killed Ijyb
  4320 | D:4      | Found a staircase to the Ecumenical Temple.
  4329 | D:4      | Got a smoking mace
  4330 | D:4      | Identified the +5 mace "Killer Klown's Curse" {antimagic, Str-2 Int+4 Dex+10} (You found it on level 4 of the Dungeon)
  4630 | D:4      | Found a blossoming altar of Fedhas.
  4774 | Temple   | Entered the Ecumenical Temple
  5822 | D:4      | Killed a slave
  5832 | D:4      | Killed a slave
  5993 | D:4      | Noticed Pikel
  5996 | D:4      | Noticed a slave
  6015 | D:4      | Slain by a slave

Skill      XL: |  1  2  3  4  5 |
---------------+----------------+-----
Summonings     | 5 6 7 8 |  8.9
Dodging        | |  2.1
Stealth        | |  1.7
Spellcasting   | |  2.5

Action                   |  1- 3 |  4- 6 || total
-------------------------+-------+-------++-------
Melee: Dagger            |    60 |    15 ||    75
       Flail             |       |   117 ||   117
       Mace              |       |    13 ||    13
Throw: Stone             |       |     4 ||     4
 Cast: Summon Small Mamm |     7 |     2 ||     9
       Call Imp          |     7 |    17 ||    24
       Call Canine Famil |     4 |    30 ||    34
 Abil: Hop               |     2 |     1 ||     3
  Use: Scroll            |       |     5 ||     5
 Stab: Sleeping          |     5 |     2 ||     7
  Eat: Chunk             |     2 |    16 ||    18
       Bread ration      |       |     1 ||     1
Armor: Robe              |    13 |    62 ||    75
Dodge: Dodged            |    46 |   154 ||   200
